Workbook

Sheet Hoja1
A2: TABLERO DE RENDICIÓN DE CUENTAS
A3: ACTUALIZADO DEL 01 AL 30 DE SEPTIEMBRE DE 2026
A4: SECRETARÍA TÉCNICA DEL CONSEJO NACIONAL DE SEGURIDAD (Programa 67)
A5: INSTITUTO NACIONAL DE ESTUDIOS ESTRATÉGICOS EN SEGURIDAD (Programa 68)
A6: INSPECTORÍA GENERAL DEL SISTEMA NACIONAL DE SEGURIDAD (Programa 69)
A9: SERVIDORES PÚBLICOS RESPONSABLES | D9: GESTIÓN DE PRESUPUESTO | H9: EJECUCIÓN PRESPUESTARIA POR GRUPO DE GASTO, SEPTIEMBRE 2026 (Programas 67, 68 y 69) | K9: EJECUCIÓN PRESUPUESTARIA POR CLASIFICACIÓN GEOGRÁFICA SEPTIEMBRE 2026 | O9: SERVICIOS PERSONALES, TÉCNICOS Y PROFESIONALES
A10: Secretario Técnico, Secretaría Técnica del Consejo Nacional de Seguridad | B10: Lic. Ismael Alejandro Cifuentes Bustamante | D10: Presupuesto Inicial Vigente STCNS 2026 | F10: 15382705 | H10: Grupo 000: Servicios Personales | I10: =Q13+Q14+Q15 -> 1724109.6 | K10: Región 1: Metropolitana | M10: =I10+I11+I12+I13+I14 -> 2249644.2 | O10: Presupuesto para pago de salarios y honorarios STCNS 2026 | Q10: 11318452
D11: Presupuesto Inicial Vigente INEES 2026 | F11: 7702295 | H11: Grupo 100: Servicios No Personales | I11: 326471.92 | O11: Presupuesto para pago de salarios y honorarios INEES 2026 | Q11: 6038997
A12: Sub-Coordinadora Secretaría Técnica del Consejo Nacional de Seguridad | B12: M.A. Reyna Aracely Corado Recinos | D12: Presupuesto Inicial Vigente IGSNS 2026 | F12: 7915000 | H12: Grupo 200: Materiales y Suministros | I12: 120232.94 | K12: EJECUCIÓN POR FINALIDAD SEPTIEMBRE 2026 | O12: Presupuesto para pago de salarios y honorarios IGSNS 2026 | Q12: 6740552
D13: Presupuesto Ejecutado durante el mes de septiembre STCNS | F13: 1130096.7 | H13: Grupo 300: Propiedad, Planta, Equipo e Intangible | I13: 11000 | K13: 030000 Orden Público y Seguridad Ciudadana STCNS | M13: =M10 -> 2249644.2 | O13: Presupuesto ejecutado en pago de salarios y honorarios en septiembre STCNS | Q13: 798140.06
A14: Director General, Instituto Nacional de Estudios Estratégicos en Seguridad | B14: Dr. Pablo Daniel Rangel Romero | D14: Presupuesto Ejecutado durante el mes de septiembre INEES | F14: 506037.75 | H14: Grupo 400: Transferencias Corrientes | I14: 67829.76 | O14: Presupuesto ejecutado en pago de salarios y honorarios en septiembre INEES | Q14: 427183.12
D15: Presupuesto Ejecutado durante el mes de septiembre IGSNS | F15: 613509.72 | O15: Presupuesto ejecutado en pago de salarios y honorarios en septiembre IGSNS | Q15: 498786.4
A16: Inspector General, Inspectoría General del Sistema Nacional de Seguridad | B16: Dr. Carlos Humberto Castellanos Morales | D16: Porcentaje de Ejecución del mes de septiembre STCNS | F16: =F13/F10 -> 0.07346541 | O16: Porcentaje de ejecución en el pago de salarios y honorarios en septiembre STCNS | Q16: =Q13/Q10 -> 0.070516716
D17: Porcentaje de Ejecución del mes de septiembre INEES | F17: =F14/F11 -> 0.065699606 | O17: Porcentaje de ejecución en el pago de salarios y honorarios en septiembre INEES | Q17: =Q14/Q11 -> 0.070737429
A18: Director Financiero, Secretaría Técnica del Consejo Nacional de Seguridad | B18: Lic. Luis Antonio Alfaro Cojulún | D18: Porcentaje de Ejecución del mes de septiembre IGSNS | F18: =F15/F12 -> 0.077512283 | O18: Porcentaje de ejecución en el pago de salarios y honorarios en septiembre IGSNS | Q18: =Q15/Q12 -> 0.073997857
O19: Personal 011 y 022
A21: PROGRAMAS PRESPUPUESTARIOS | D21: PRESUPUESTO VIGENTE | F21: PRESUPUESTO EJECUTADO | I21: PORCENTAJE DE EJECUCIÓN | O21: STCNS | Q21: 64
F22: 2026 | O22: INEES | Q22: 38
O23: Personal Permanente 022
O24: STCNS | Q24: 19
A25: PROGRAMA 67 | B25: Fortalecimiento y Apoyo al Sistema Nacional de Seguridad | D25: 15382705 | F25: 10652314 | I25: =F25/D25 -> 0.69248638 | O25: IGSNS | Q25: 43
A26: PROGRAMA 68 | B26: Estudios Estratégicos en Seguridad | D26: 7702295 | F26: 5341368.5 | I26: =F26/D26 -> 0.69347753 | O26: Servicios técnicos o Profesionales 029
A27: PROGRAMA 69 | B27: Inspectoría General del Sistema Nacional de Seguridad | D27: 7915000 | F27: 5835774.1 | I27: =F27/D27 -> 0.73730564 | O27: STCNS | Q27: 2
D28: =SUM(D25:E27) -> 31000000 | F28: =SUM(F25:H27) -> 21829456 | I28: =F28/D28 -> 0.70417601 | O28: INEES | Q28: 0
A29: PRINCIPALES AVANCES O LOGROS MES DE SEPTIEMBRE 2026 | O29: IGSNS | Q29: 0
A30: La Comisión de Asesoramiento y Planificación, en el marco del mecanismo de monitoreo y seguimiento del Plan Particular del “Plan Petén, Ruta al Desarrollo”, sostuvo el 22 de septiembre una reunión virtual de coordinación técnica con la Gobernación Departamental de Petén, orientada a fortalecer la continuidad institucional del proceso y la preparación para la primera reportería de avances interinstitucionales. Este ejercicio permitió reafirmar las responsabilidades de la Gobernación Departamental en la coordinación territorial y consolidación del Informe Interinstitucional de Avances, así como fortalecer la aplicación de los instrumentos metodológicos establecidos para orientar, estandarizar y homologar la presentación de resultados por parte de las instituciones participantes. | O30: Servicios técnicos o Profesionales 18
A31: La Comisión de Asesoramiento y Planificación en el marco de las acciones orientadas al fortalecimiento de la Carrera Profesional del Sistema Nacional de Seguridad, desarrolló el 16 de septiembre una reunión de trabajo con el Inspector General del Sistema Nacional de Seguridad y su equipo técnico. Durante la actividad se presentó el contenido de los Criterios Orientadores, concebidos como un instrumento de referencia para apoyar y fortalecer los procesos vinculados con las funciones de inspección que realiza la IGSNS. Este espacio permitió fortalecer la articulación y coordinación técnica entre ambas instituciones, así como acordar la continuidad de reuniones de trabajo para profundizar en la aplicación, actualización y fortalecimiento de dichos criterios. Asimismo, se promovió el intercambio de experiencias y buenas prácticas que contribuyan al desarrollo de la Carrera Profesional del Sistema Nacional de Seguridad y el fortalecimiento de los procesos institucionales de inspección. | O31: STCNS | Q31: 1
A32: El 18 de septiembre, la Dirección de Política y Estrategia participó en la mesa técnica para la elaboración de la Estrategia Nacional de Ciberseguridad, aportando insumos desde la perspectiva político-estratégica vinculada a la formulación de la Política Nacional de Seguridad, particularmente en el Eje 4, Ciberseguridad y Ciberdefensa. Esta participación permitió fortalecer la articulación y coherencia entre los instrumentos estratégicos en materia de seguridad, contribuyendo al desarrollo de un enfoque integral para la prevención, protección y respuesta ante amenazas de ciberespacio. | O32: INEES | Q32: 0
A33: Durante el mes de septiembre, el Instituto Nacional de Estudios Estratégicos en Seguridad -INEES-, en coordinación con la Oficina de las Naciones Unidas contra la Droga y el Delito -UNODC-, desarrolló en forma virtual el webinar “Prevenir y responder a la delincuencia organizada y el ciberdelito”, orientado al análisis y actualización de los desafíos que estas amenazas representan para la seguridad. La actividad conto con la participación de más de 250 participantes, contribuyendo a la difusión de conocimientos especializados y fortaleciendo la sensibilización sobre los riesgos asociados a la delincuencia organizada y el ciberdelito. Asimismo, permitió promover el conocimiento de estrategias, mecanismos y buenas prácticas para la prevención, detección y respuesta ante estas amenazas emergentes. | O33: IGSNS | Q33: 0
A34: El 23 de septiembre, la Inspectoría General del Sistema Nacional de Seguridad fortaleció las capacidades institucionales del Ministerio de Gobernación mediante una capacitación especializada sobre Auditoría y Control Interno, desarrollada en las instalaciones del Registro de las Personas Jurídicas (REPEJU), en la Ciudad de Guatemala. La actividad estuvo dirigida a 35 representantes de diversas dependencias de dicha cartera. La capacitación permitió fortalecer conocimientos en materia de control, supervisión y mejora continua de la gestión institucional. Asimismo, promovió el intercambio de experiencias y buenas prácticas, contribuyendo al fortalecimiento de la eficiencia y eficacia, legalidad y transparencia en la administración pública y en el cumplimiento de las funciones institucionales.

Sheet Hoja2
A1: Operaciones para la construcción de los gráficos
B3: VIGENTE | C3: EJECUTADO | D3: PORCENTAJE DE EJECUCIÓN | H3: VIGENTE | I3: =B8 -> 31000000
F4: 2026 | H4: EJECUTADO | I4: =C8 -> 21829456
A5: 67 | B5: =Hoja1!D25 -> 15382705 | C5: =Hoja1!F25 -> 10652314 | D5: =C5/B5 -> 0.69248638
A6: 68 | B6: =Hoja1!D26 -> 7702295 | C6: =Hoja1!F26 -> 5341368.5 | D6: =C6/B6 -> 0.69347753
A7: 69 | B7: =Hoja1!D27 -> 7915000 | C7: =Hoja1!F27 -> 5835774.1 | D7: =C7/B7 -> 0.73730564
B8: =SUM(B5:B7) -> 31000000 | C8: =SUM(C5:C7) -> 21829456 | D8: =C8/B8 -> 0.70417601
B41: Vigente | C41: Ejecutado | D41: Gestión de Presupuesto por Mes % Ejecución
A42: STCNS | B42: =Hoja1!F10 -> 15382705 | C42: =Hoja1!F13 -> 1130096.7 | D42: =C42/B42 -> 0.07346541
A43: INEES | B43: =Hoja1!F11 -> 7702295 | C43: =Hoja1!F14 -> 506037.75 | D43: =C43/B43 -> 0.065699606
A44: IGSNS | B44: =Hoja1!F12 -> 7915000 | C44: =Hoja1!F15 -> 613509.72 | D44: =C44/B44 -> 0.077512283
B45: =SUM(B42:B44) -> 31000000 | C45: =SUM(C42:C44) -> 2249644.2 | D45: =SUM(D42:D44)/3 -> 0.072225766
B51: Vigente | C51: Ejecutado | D51: Porcentaje de Ejecución
A52: STCNS | B52: =Hoja1!D25 -> 15382705 | C52: =Hoja1!F25 -> 10652314 | D52: =C52/B52 -> 0.69248638
A53: INEES | B53: =Hoja1!D26 -> 7702295 | C53: =Hoja1!F26 -> 5341368.5 | D53: =C53/B53 -> 0.69347753
A54: IGSNS | B54: =Hoja1!D27 -> 7915000 | C54: =Hoja1!F27 -> 5835774.1 | D54: =C54/B54 -> 0.73730564
B55: =SUM(B52:B54) -> 31000000 | C55: =SUM(C52:C54) -> 21829456 | D55: =C55/B55 -> 0.70417601
D56: =(D52+D53+D54)/3 -> 0.70775652
